 Dungeon Crawl Stone Soup version 0.20-a0-940-g1ecfa5a (webtiles) character file.

617794 Isola the Bringer of Light (level 27, -22/184 HPs)
             Began as a Tengu Fighter on Mar 30, 2017.
             Was the Champion of the Shining One.
             Killed from afar by a lich (32 damage)
             ... with a crystal spear
             ... on level 5 of the Vaults on Mar 31, 2017.
             The game lasted 03:59:18 (81905 turns).

Isola the Bringer of Light (Tengu Fighter)         Turns: 81905, Time: 03:59:18

Health: -22/184    AC: 18    Str: 23    XL:     27
Magic:  36/39      EV:  2    Int: 28    God:    the Shining One [******]
Gold:   2162       SH:  0    Dex: 24    Spells: 11/33 levels left

rFire    . . .     SeeInvis .   Y - +9 eudemon blade (holy)
rCold    + + .     Gourm    .   x - +0 shield {rC+}
rNeg     + + +     Faith    .   O - +4 acid dragon scales
rPois    ∞         Spirit   .   e - +2 hat {Int+3}
rElec    +         Reflect  +   N - +1 cloak of Starlight {rElec rC+ EV+4 Stlth--}
rCorr    +         Harm     .   L - +2 pair of gloves {Dex+3}
MR       +++..                  (boots unavailable)
Stlth    ..........             R - +4 amulet of reflection
Regen    0.4/turn               b - +5 ring of dexterity
MPRegen  0.3/turn               w - ring of Qoesin {MR+ Str+4 Int+6}

@: petrified, corroded, flying quickly and evasively, glowing, quick
A: antennae 1, beak, talons 3, clever 1, MP-powered wands, able to fly 2
}: 3/15 runes: decaying, serpentine, abyssal
a: Stop Flying, Divine Shield, Cleansing Flame, Summon Divine Warrior, Renounce
Religion


You were on level 5 of the Vaults.
You worshipped the Shining One.
The Shining One was exalted by your worship.
You were not hungry.

You visited 10 branches of the dungeon, and saw 47 of its levels.
You visited the Abyss 2 times.
You also visited: Ice Cave, Volcano and Wizlab.

You collected 6165 gold pieces.
You spent 4003 gold pieces at shops.

Inventory:

Hand Weapons
 z - a +2 scimitar of flaming
 Y - a +9 eudemon blade of holy wrath (weapon)
Armour
 e - a +2 hat of intelligence (worn)
 v - a +1 large shield of cold resistance
 x - a +0 shield of cold resistance (worn)
 L - a +2 pair of gloves of dexterity (worn)
 N - the +1 cloak of Starlight (worn) {rElec rC+ EV+4 Stlth--}
   (You found it on level 9 of the Dungeon)

   It affects your evasion (+4).
   It protects you from cold.
   It insulates you from electricity.
   It makes you much less stealthy.
 O - +4 acid dragon scales (worn)
Jewellery
 b - a +5 ring of dexterity (left hand)
 q - the ring of the Ninety-Nine Places {rPois MP+9 Str+2}
   (You took it off a deep elf master archer on level 3 of the Elven Halls)

   [ring of poison resistance]

   It affects your strength (+2).
   It protects you from poison.
   It affects your magic capacity (+9).
 s - an uncursed ring of protection from fire
 w - the ring of Qoesin (right hand) {MR+ Str+4 Int+6}
   (You bought it in a shop on level 15 of the Dungeon)

   [ring of strength]

   It affects your strength (+4).
   It affects your intelligence (+6).
   It affects your resistance to hostile enchantments.
 R - a +4 amulet of reflection (around neck)
 T - an uncursed ring of protection from magic
 W - the ring "Xerphusua" {Fire rN+ Int+5 Stlth-}
   (You found it on level 3 of the Elven Halls)

   [ring of fire]

   It enhances your fire magic.
   It affects your intelligence (+5).
   It protects you from fire.
   It makes you vulnerable to cold.
   It protects you from negative energy.
   It makes you less stealthy.
Wands
 d - a wand of digging (2/24)
 t - a wand of lightning (4/15)
 K - a wand of digging (12/24)
Scrolls
 c - a scroll of silence
 h - 20 scrolls of identify
 n - 4 scrolls of teleportation
 u - 6 scrolls of amnesia
 C - 2 scrolls of blinking
 D - 23 scrolls of remove curse
 E - 5 scrolls of recharging
 I - 6 scrolls of fear
 J - 8 scrolls of fog
Potions
 a - 4 potions of brilliance
 i - a potion of heal wounds
 k - 3 potions of might
 o - 2 potions of resistance
 p - 2 potions of agility
 A - 12 potions of curing
 B - a potion of ambrosia
 F - a potion of berserk rage
 H - a potion of haste
 P - 3 potions of magic
 X - 6 potions of lignification
Books
 m - a book of the Warp

   Spells                             Type                      Level
   a - Gell's Gravitas                Translocation                3
   b - Portal Projectile              Hexes/Translocation          3
   c - Force Lance                    Conjuration/Translocation    4
   d - Dispersal                      Translocation                6
   e - Controlled Blink               Translocation                8
   f - Disjunction                    Translocation                8
 r - a Grand Grimoire

   Spells                             Type                      Level
   a - Monstrous Menagerie            Summoning                    7
   b - Summon Greater Demon           Summoning                    7
   c - Malign Gateway                 Summoning/Translocation      7
   d - Summon Horrible Things         Summoning                    8
Comestibles
 f - 21 bread rations
 g - 18 royal jellies
 j - 8 fruits
 l - 21 meat rations
 G - 8 chunks of flesh


   Skills:
 * Level 21.7 Fighting
 - Level 15.0 Long Blades
 - Level 15.3 Armour
 - Level 20.0 Dodging
 - Level 15.9 Shields
 - Level 3.7 Spellcasting
 - Level 13.0 Conjurations
 - Level 8.7 Charms
 * Level 5.9 Translocations
 - Level 22.0 Invocations


You had 11 spell levels left.
You knew the following spells:

 Your Spells              Type           Power        Failure   Level  Hunger
a - Controlled Blink      Tloc           N/A          100%        8    #######
b - Orb of Destruction    Conj           ######....   41%         7    #######
c - Shroud of Golubria    Chrm/Tloc      #####.....   1%          2    None
d - Spectral Weapon       Hex/Chrm       ####....     6%          3    ##.....
e - Song of Slaying       Chrm           ######..     1%          2    None


Dungeon Overview and Level Annotations

Branches:
Dungeon (15/15)            Temple (1/1) D:6            Lair (6/6) D:8
  Swamp (4/4) Lair:3        Snake (4/4) Lair:3        Slime (0/5) Lair:5
    Orc (2/2) D:11            Elf (3/3) Orc:2        Vaults (5/5) D:13
  Crypt (3/3) Vaults:2     Depths (4/5) D:15
   Tomb: Crypt:3

Altars:
Ashenzari
Cheibriados
Dithmenos
Fedhas
Gozag
Hepliaklqana
Kikubaaqudgha
Makhleb
Nemelex Xobeh
Okawaru
Ru
Trog
Uskayaw
Yredelemnul
Zin
The Shining One
Beogh

Shops:
D:5 **((!   D:7 %   D:15 =   Orc:1 [   Orc:2 ?([(!   Elf:1 *   Elf:2 [
Elf:3 (   Vaults:2 *   Depths:1 %*   Depths:3 =

Portals:
Hell: Depths:1 Depths:2 Depths:3 Depths:4
Abyss: Depths:4
Pandemonium: Depths:1 Depths:3
Ziggurat: Depths:4

Annotations:
D:3 exclusion: oklob plant
Vaults:5 Bai Suzhen


Innate Abilities, Weirdness & Mutations

You have a beak for a mouth.
You have claws for feet.
You can fly continuously.
You have a pair of small antennae on your head.
Your mind is acute. (Int +2)
You expend magic power (3 MP) to strengthen your wands.


Message History

The shadow dragon claws you.
* * * LOW HITPOINT WARNING * * *
The shadow dragon claws you!
* * * LOW HITPOINT WARNING * * *
The ettin hits you with a dire flail!!
* * * LOW HITPOINT WARNING * * *
The ettin hits you with a dire flail!! The Shining One protects you from harm!
The deep elf mage mumbles some strange words.
The deep elf high priest hits you but does no damage.
The yaktaur captain hits you but does no damage.
The fire giant hits you but does no damage.
The ogre mage hits you from afar with a halberd.
* * * LOW HITPOINT WARNING * * *
Bai Suzhen roars!
An eight-headed hydra appears.
You hear a shout! x3
The lich gestures at you while chanting.
Helpless, you fail to dodge the crystal spear.
You die...

##.#....#.#
.##....e..#.###
......§....O.
###(...e....####
....CC.e........
.....pcc4O......
..es4DeLCsr.....
....ceD@OpLD....
####.4cdCOD.####
#.r.D.pe..C..#
#...#D...#p...#
...(##.(..#.....
...# #....# ....
... #....# ...
?. #....# ...


You could see Bai Suzhen, 2 shadow dragons, an ironheart preserver, a titan, an
ancient lich, 3 storm dragons, a fire giant, 2 stone giants, a vault warden, a
death knight, a lich, 4 yaktaur captains, an eight-headed hydra, an ettin, a
demonic crawler, 2 two-headed ogres, an ogre mage (invisible), a vault sentinel,
a deep elf archer, a deep elf knight, a deep elf high priest, a hellwing, a rust
devil, 4 deep elf magi, a red devil, a tarantella, an ogre and 2 hell rats.

Vanquished Creatures
  Khufu (Crypt:2)
  Mara (Crypt:2)
  2 ancient liches
  A juggernaut (Depths:3)
  3 greater mummies
  Sojobo (Depths:4)
  Margery (Crypt:2)
  the Lernaean hydra (Swamp:4)
  A golden dragon (Depths:3)
  Jory (Depths:2)
  4 bone dragons
  An Ice Fiend (IceCv)
  12 liches
  The ghost of Toogi the Warrior, an adept DsBe of Trog (Snake:4)
  5 titans
  9 deep elf blademasters
  2 acid blobs (Depths:1)
  9 deep elf master archers
  8 sphinxes
  Frances (Swamp:2)
  4 ancient champions
  An Executioner (Abyss:1)
  8 tentacled starspawn
  A thorn hunter (Swamp:4)
  8 shadow dragons
  4 tengu reavers
  2 storm dragons (Depths:4)
  The ghost of lolicon the Gelid, an adept BaIE of Vehumet (Snake:4)
  8 nagarajas
  3 revenants
  5 azure jellies (Depths:1)
  21 fire giants
  2 ghost moths (Depths:2)
  Louise (Elf:1)
  12 frost giants
  2 caustic shrike zombies
  6 vault wardens
  7 deep elf sorcerers
  3 orc warlords
  A cacodemon (Abyss:1)
  2 deep elf elementalists (Elf:3)
  The ghost of Mulkerokala the Fencer, a journeyman HuHu of Okawaru (Lair:6)
  A ghoul (Abyss:1)
  A reaper (Depths:3)
  7 ironheart preservers
  26 stone giants
  15 very ugly things
  13 vampire knights
  A caustic shrike skeleton (Depths:2)
  2 deep elf demonologists
  3 entropy weavers
  2 black draconians
  A lorocyproca (Abyss:2)
  A white draconian (Crypt:1)
  6 deep elf annihilators
  2 yellow draconians
  3 red draconians
  5 eidola
  3 purple draconians
  A mummy priest (WizLab)
  8 ettins
  17 deep elf death magi
  4 deep elf high priests (Elf:3)
  6 great orbs of eyes
  6 yaktaur captains
  Josephine (Lair:5)
  4 jiangshi (Crypt:1)
  3 death oozes (Depths:1)
  10 fire dragons
  2 crystal guardians
  Erolcha (D:12)
  7 ice dragons
  26 hydras
  A spriggan air mage (Depths:2)
  8 rakshasas
  2 ghost crabs
  27 vault guards
  15 naga warriors
  7 anacondas
  A catoblepas (D:15)
  13 centaur warriors
  53 two-headed ogres
  A satyr (Abyss:3)
  23 dancing weapons
  An alligator snapping turtle (shapeshifter) (Depths:3)
  7 death knights
  Erica (D:11)
  17 death yaks
  9 alligators
  2 deep troll shamans
  A hell hog (Abyss:1)
  6 vampire magi
  9 shock serpents
  A spriggan berserker (Depths:4)
  6 thrashing horrors
  15 ogre magi
  3 orc high priests
  26 deep elf knights
  3 soul eaters
  4 titan zombies
  6 deep troll earth magi
  4 tengu warriors
  A titan skeleton (Crypt:1)
  Sonja (Lair:1)
  21 hell knights
  12 naga sharpshooters
  2 spatial maelstroms (Abyss:1)
  2 salamander mystics (Snake:2)
  5 wretched stars
  3 sixfirhies
  14 shadow wraiths
  38 skeletal warriors
  A golden dragon zombie (Crypt:1)
  6 glowing orange brains
  A sea snake (shapeshifter) (Vaults:2)
  A spark wasp zombie (Depths:3)
  A glowing orange brain (shapeshifter) (Depths:3)
  4 unseen horrors
  12 flayed ghosts
  27 deep elf archers
  11 deep trolls
  5 shambling mangroves
  An orange crystal statue (Depths:2)
  3 iron dragon zombies
  Pikel (D:8)
  A shadow dragon zombie (WizLab)
  9 phantasmal warriors
  16 orc knights
  2 lindwurms
  16 ironbrand convokers
  12 swamp dragons
  7 naga ritualists
  4 wizards
  12 mana vipers
  2 harpies (Elf:3)
  10 necromancers
  2 fire giant zombies
  2 frost giant zombies
  An orb spider (Abyss:1)
  2 stone giant zombies
  A mana viper (shapeshifter) (Elf:1)
  9 cyclopes
  80 deep elf magi
  A wolf spider (Vaults:3)
  6 orc sorcerers
  An anaconda skeleton (Crypt:1)
  6 worldbinders
  25 large abominations
  7 salamanders
  A stone giant skeleton (Depths:1)
  A moth of wrath (shapeshifter) (Depths:3)
  36 ugly things
  A shining eye (Abyss:1)
  A dire elephant zombie (Crypt:1)
  8 manticores
  A frost giant skeleton (Depths:1)
  20 elephants
  A black mamba (shapeshifter) (Vaults:4)
  52 black mambas
  Psyche (D:8)
  A sphinx skeleton (Crypt:2)
  5 guardian serpents
  A guardian serpent (shapeshifter) (Depths:2)
  An apocalypse crab (Abyss:3)
  Maurice (D:8)
  14 vault sentinels
  An ice statue (IceCv)
  A titan simulacrum (Abyss:2)
  The ghost of valenzione the Slasher, a novice MiFi of Makhleb (D:5)
  20 naga magi
  2 water nymphs (Abyss:3)
  3 orange demons (Abyss:1)
  An eye of devastation (shapeshifter) (Vaults:4)
  An eye of devastation (Abyss:1)
  4 smoke demons
  A rust devil (Abyss:2)
  4 kobold demonologists
  A shock serpent skeleton (Abyss:1)
  2 molten gargoyles (Volcano)
  4 spriggan zombies
  25 spiny frogs
  An elf skeleton (Depths:3)
  52 yaktaurs
  8 komodo dragons
  8 rime drakes
  A green draconian skeleton (Crypt:3)
  A tormentor (Abyss:3)
  7 ice devils (IceCv)
  5 efreet
  17 freezing wraiths
  A human zombie (WizLab)
  A hellwing (Abyss:2)
  12 trolls
  A golden dragon simulacrum (IceCv)
  6 tengu conjurers
  2 trolls (shapeshifter)
  7 ancient zymes
  4 guardian mummies (WizLab)
  4 anaconda simulacra
  A jumping spider (shapeshifter) (Vaults:3)
  3 polar bears
  A minotaur skeleton (Crypt:2)
  A jumping spider (Vaults:2)
  A minotaur zombie (Crypt:1)
  3 meliai (Lair:5)
  A wolf spider simulacrum (IceCv)
  2 polar bears (shapeshifter)
  21 hornets
  A queen bee (Lair:5)
  7 tyrant leeches
  A jumping spider zombie (Crypt:1)
  An ettin zombie (Crypt:1)
  20 blink frogs
  An ice dragon zombie (Depths:1)
  9 bog bodies
  A slime creature (shapeshifter) (Vaults:5)
  15 dream sheep (Lair:6)
  3 raiju (Abyss:1)
  11 hippogriffs
  3 human simulacra
  64 slime creatures
  3 deep troll zombies
  Sigmund (D:2)
  5 redbacks
  10 air elementals
  An ettin skeleton (Abyss:1)
  4 flying skulls
  2 tarantellas
  3 fire dragon zombies
  A dire elephant simulacrum (IceCv)
  6 wyverns
  An alligator skeleton (Crypt:3)
  2 vampires
  19 spriggans
  16 shadows
  6 water elementals
  5 fire elementals
  2 humans
  11 fire bats
  8 ynoxinuls
  4 hogs
  26 wraiths
  46 yaks
  4 basilisks
  2 basilisks (shapeshifter)
  2 hungry ghosts
  3 chaos spawn
  A death yak simulacrum (IceCv)
  28 vampire mosquitoes
  5 neqoxecs
  3 iron troll simulacra (IceCv)
  Menkaure (D:4)
  A glowing shapeshifter zombie (Crypt:2)
  19 insubstantial wisps
  77 nagas
  2 spatial vortices (Abyss:1)
  20 swamp worms
  3 harpy simulacra (IceCv)
  A two-headed ogre zombie (Crypt:2)
  4 tengu zombies
  9 wargs
  3 acid dragons
  A soldier ant (D:13)
  16 water moccasins
  3 hydra simulacra (IceCv)
  A floating eye (Depths:3)
  A soldier ant (shapeshifter) (Vaults:3)
  A porcupine (shapeshifter) (Vaults:2)
  6 porcupines
  4 ice beasts
  2 hell hounds (Elf:3)
  12 swamp drakes
  53 orc warriors
  A swamp drake (shapeshifter) (Vaults:3)
  5 black bears (Lair:6)
  A sky beast (shapeshifter) (Vaults:4)
  An eye of draining (shapeshifter) (D:15)
  A hornet zombie (WizLab)
  An ettin simulacrum (IceCv)
  7 sky beasts
  4 slaves (D:8)
  38 ogres
  An eye of draining (D:13)
  4 phantoms
  An alligator simulacrum (IceCv)
  17 wolves
  A hog zombie (Crypt:1)
  6 boggarts
  An elf simulacrum (Depths:3)
  A swamp dragon skeleton (Crypt:1)
  2 torpor snail zombies
  14 centaurs
  17 crocodiles
  26 small abominations
  8 big kobolds (Abyss:1)
  A rime drake zombie (Crypt:3)
  19 bullfrogs
  A salamander skeleton (Crypt:2)
  16 earth elementals
  A wyvern zombie (D:12)
  A scorpion (D:6)
  9 wights
  44 killer bees
  7 electric eels
  7 howler monkeys
  6 crimson imps
  2 draconian simulacra (IceCv)
  4 bullfrog zombies
  2 lava snakes (Volcano)
  5 centaur zombies
  A quasit (D:10)
  A wolf skeleton (Crypt:1)
  11 starcursed masses (Abyss:1)
  9 hounds
  26 jellies
  25 orc priests
  2 bullfrog skeletons
  4 centaur skeletons
  33 orc wizards
  5 iguanas
  14 worker ants
  A spriggan simulacrum (IceCv)
  A polar bear simulacrum (IceCv)
  5 troll simulacra (IceCv)
  An ogre zombie (Crypt:1)
  3 centaur simulacra (IceCv)
  A felid skeleton (Crypt:1)
  2 tengu skeletons
  2 hound skeletons
  2 mummies
  A worker ant zombie (D:10)
  2 howler monkey zombies
  Robin (D:2)
  A howler monkey skeleton (D:6)
  14 adders
  5 gnolls
  An ogre simulacrum (IceCv)
  A naga simulacrum (IceCv)
  7 shadow imps
  3 white imps
  6 ufetubi
  8 oozes
  A worm zombie (Crypt:2)
  3 adder skeletons
  2 worms (D:3)
  3 dart slugs
  3 leopard geckos
  132 orcs
  3 bat skeletons (D:8)
  4 bat zombies (D:8)
  7 giant cockroaches
  14 goblins
  23 hobgoblins
  16 jackals
  3 quokkas
  4 ball pythons
  9 bats
  5 frilled lizards
  A hobgoblin skeleton (Crypt:3)
  5 kobolds
  A leopard gecko skeleton (D:5)
  A quokka skeleton (D:6)
  4 rats
  7 briar patches (Swamp:4)
  2 fungi (Lair:3)
  A lurking horror (Abyss:1)
  2 plants
  6 starspawn tentacles (Abyss:1)
2775 creatures vanquished.

Vanquished Creatures (collateral kills)
  2 profane servitors (Abyss:1)
  A deep elf blademaster (Abyss:3)
  A sphinx (Depths:3)
  A fire giant (Depths:4)
  A frost giant (Crypt:1)
  A balrug (Abyss:1)
  2 dire elephants (Abyss:3)
  2 ettins (Depths:3)
  A yaktaur captain (Depths:3)
  A hydra (shapeshifter) (Depths:3)
  6 vault guards (Vaults:4)
  A rakshasa (Depths:3)
  A tengu warrior (Depths:3)
  A sun demon (Depths:4)
  A hell knight (Depths:4)
  A spark wasp zombie (Depths:3)
  A necromancer (Depths:3)
  A sphinx skeleton (Depths:3)
  A worldbinder (Abyss:3)
  A frost giant skeleton (Depths:3)
  3 yaktaurs (Depths:3)
  A red draconian skeleton (Crypt:1)
  A raiju (shapeshifter) (Depths:3)
  A spriggan (shapeshifter) (Depths:3)
  A shadow (Abyss:1)
  A white imp (Abyss:1)
36 creatures vanquished.

Vanquished Creatures (others)
  A deep elf master archer (Crypt:1)
  3 fire giants
  A very ugly thing (Abyss:1)
  A deep elf death mage (Vaults:4)
  2 deep elf knights
  A glowing orange brain (Depths:3)
  A large abomination (Abyss:1)
  A deep elf archer (Crypt:1)
  A necromancer (D:15)
  A deep elf mage (Crypt:1)
  A redback (shapeshifter) (Depths:3)
  A shadow (Abyss:1)
  A water elemental (Elf:1)
  A swamp worm (Swamp:4)
  An ogre (Depths:3)
  3 boggarts
  3 ufetubi (IceCv)
  41 bushes (Depths:2)
  19 fungi
  13 plants
  17 spectral weapons
  34 starspawn tentacles
  14 toadstools (D:3)
162 creatures vanquished.

Grand Total: 2973 creatures vanquished

Notes
Turn   | Place    | Note
-------+----------+-------------------------------------------
     0 | D:1      | Isola the Tengu Fighter began the quest for the Orb.
     0 | D:1      | Reached XP level 1. HP: 14/14 MP: 2/2
   253 | D:1      | Reached XP level 2. HP: 16/19 MP: 3/3
   875 | D:2      | Reached XP level 3. HP: 22/23 MP: 4/4
  1161 | D:2      | Noticed Robin
  1174 | D:2      | Killed Robin
  1174 | D:2      | Reached skill level 1 in Dodging
  1180 | D:2      | Reached XP level 4. HP: 22/28 MP: 5/5
  1325 | D:2      | Noticed Sigmund
  1342 | D:2      | Killed Sigmund
  1342 | D:2      | Reached skill level 5 in Long Blades
  1342 | D:2      | Gained mutation: You can fly. [Tengu growth]
  1342 | D:2      | Reached XP level 5. HP: 16/33 MP: 6/6
  1342 | D:2      | Reached XP level 6. HP: 19/38 MP: 7/7
  2607 | D:3      | Found a hide-covered altar of Uskayaw.
  2764 | D:3      | Found a blossoming altar of Fedhas.
  2785 | D:3      | Noticed an oklob plant
  3146 | D:4      | Noticed Menkaure
  3155 | D:4      | Killed Menkaure
  3155 | D:4      | Reached XP level 7. HP: 13/44 MP: 8/8
  3374 | D:4      | Gained mutation: You are frail. (-10% HP) [potion of mutation]
  3374 | D:4      | Gained mutation: You are partially covered in molten scales. (AC +2) [potion of mutation]
  3374 | D:4      | Gained mutation: You are resistant to electric shocks. (rElec) [potion of mutation]
  3375 | D:4      | Lost mutation: You are partially covered in molten scales. (AC +2) [potion of mutation]
  3375 | D:4      | Lost mutation: You are frail. (-10% HP) [potion of mutation]
  3375 | D:4      | Gained mutation: You are partially covered in iridescent scales. (AC +2) [potion of mutation]
  3375 | D:4      | Gained mutation: You are robust. (+10% HP) [potion of mutation]
  3604 | D:4      | Found a shattered altar of Ashenzari.
  3964 | D:4      | Reached skill level 5 in Fighting
  4280 | D:5      | Entered Level 5 of the Dungeon
  4729 | D:5      | Reached XP level 8. HP: 50/53 MP: 5/9
  4803 | D:5      | Found Angeonuu's Assorted Antiques.
  4819 | D:5      | Bought a scroll of identify for 68 gold pieces
  4819 | D:5      | Bought a clouded silver ring for 170 gold pieces
  4822 | D:5      | Identified the ring "Gaxovas" {rPois MP+9} (You bought it in a shop on level 5 of the Dungeon)
  4948 | D:5      | Found Haemuot's Antique Weapon Emporium.
  4958 | D:5      | Found an opulent altar of Gozag.
  4988 | D:5      | Found Fucvod's Antique Weapon Shop.
  5152 | D:5      | Found Mumeoret's Distillery.
  5153 | D:5      | Noticed valenzione's ghost (novice MiFi)
  5194 | D:5      | Killed valenzione's ghost
  5194 | D:5      | Reached skill level 5 in Dodging
  5738 | D:5      | Found Hugeoz's General Store.
  6141 | D:5      | Found a hazy altar of Hepliaklqana.
  6250 | D:5      | Reached XP level 9. HP: 60/60 MP: 10/10
  6504 | D:6      | Found a glowing silver altar of Zin.
  6528 | D:6      | Found a glowing golden altar of the Shining One.
  6855 | D:6      | Found a staircase to the Ecumenical Temple.
  7011 | Temple   | Entered the Ecumenical Temple
  7077 | Temple   | Became a worshipper of Warmaster Okawaru
  7199 | D:7      | Reached skill level 1 in Invocations
  7251 | D:7      | Reached skill level 2 in Invocations
  7278 | D:7      | Found Pag Asot's Food Shoppe.
  7632 | D:7      | Found a snail-covered altar of Cheibriados.
  7638 | D:7      | Reached * piety under Okawaru
  7806 | D:7      | Reached skill level 10 in Long Blades
  7870 | D:7      | Learned a level 3 spell: Mephitic Cloud
  7959 | D:7      | Reached skill level 3 in Invocations
  8488 | D:7      | Reached skill level 4 in Invocations
  8488 | D:7      | Reached XP level 10. HP: 42/67 MP: 14/14
  8614 | D:7      | Reached ** piety under Okawaru
  8825 | D:8      | Noticed Psyche
  9297 | D:5      | Bought a runed long sword for 156 gold pieces
  9394 | D:5      | Bought a potion of heal wounds for 70 gold pieces
  9394 | D:5      | Bought a potion of heal wounds for 70 gold pieces
  9508 | D:8      | Noticed Pikel
  9536 | D:8      | Killed Pikel
  9734 | D:8      | Killed Psyche
  9734 | D:8      | Reached skill level 5 in Invocations
  9997 | D:8      | Noticed Maurice
 10010 | D:8      | Killed Maurice
 10010 | D:8      | Reached *** piety under Okawaru
 10071 | D:8      | Found an ancient bone altar of Kikubaaqudgha.
 10129 | D:8      | Found a sparkling altar of Nemelex Xobeh.
 10273 | D:8      | Reached skill level 6 in Invocations
 10748 | D:8      | Found a staircase to the Lair.
 10960 | D:9      | Found a basalt altar of Yredelemnul.
 10961 | D:9      | Found a burning altar of Makhleb.
 11048 | D:9      | Noticed a two-headed ogre
 11061 | D:9      | Killed a two-headed ogre
 11061 | D:9      | Received a gift from Okawaru
 11061 | D:9      | Reached XP level 11. HP: 48/72 MP: 16/16
 11139 | D:9      | Reached **** piety under Okawaru
 11255 | D:9      | Noticed a two-headed ogre
 11262 | D:9      | Killed a two-headed ogre
 11262 | D:9      | Reached skill level 7 in Invocations
 11579 | D:9      | Noticed a two-headed ogre
 11596 | D:9      | Killed a two-headed ogre
 11596 | D:9      | Reached ***** piety under Okawaru
 11998 | D:10     | Entered Level 10 of the Dungeon
 12609 | D:10     | Reached skill level 8 in Invocations
 13060 | Lair:1   | Entered Level 1 of the Lair of Beasts
 13153 | Lair:1   | Noticed Sonja
 13230 | Lair:1   | Cast into level 1 of the Abyss (Sonja)
 13343 | Abyss:1  | Found a corrupted altar of Lugonu.
 13364 | Abyss:1  | Noticed a brown very ugly thing
 13497 | Abyss:1  | Noticed a starcursed mass
 13517 | Abyss:1  | Found a corrupted altar of Lugonu.
 13598 | Abyss:1  | Noticed a hell hog
 13604 | Abyss:1  | Noticed a sixfirhy
 13658 | Abyss:1  | Noticed a spatial maelstrom
 13659 | Abyss:1  | Noticed a glowing orange brain
 13909 | Abyss:2  | Noticed a large abomination
 13924 | Abyss:2  | Found a corrupted altar of Lugonu.
 13983 | Abyss:2  | Noticed a large abomination
 13984 | Abyss:2  | Noticed a tentacled starspawn
 14018 | Abyss:2  | Noticed a tentacled starspawn
 14021 | Abyss:2  | Found a corrupted altar of Lugonu.
 14184 | Abyss:2  | Noticed a thrashing horror
 14238 | Abyss:2  | Noticed a sixfirhy
 14246 | Abyss:2  | Killed a sixfirhy
 14246 | Abyss:2  | Reached skill level 9 in Invocations
 14246 | Abyss:2  | Reached XP level 12. HP: 29/79 MP: 19/19
 14260 | Abyss:2  | Noticed a thrashing horror
 14595 | Abyss:2  | Reached ****** piety under Okawaru
 14644 | Abyss:2  | Reached skill level 10 in Invocations
 14654 | Abyss:2  | Received a gift from Okawaru
 14758 | Abyss:2  | Gained mutation: Potions are less effective at restoring your health. [a neqoxec]
 14761 | Abyss:2  | Noticed a thrashing horror
 14763 | Abyss:2  | Noticed a thrashing horror
 14776 | Abyss:2  | Killed a thrashing horror
 14785 | Abyss:2  | Killed a thrashing horror
 14787 | Lair:1   | Escaped the Abyss
 15451 | D:11     | Noticed Erica
 15468 | D:11     | Killed Erica
 15468 | D:11     | Reached skill level 10 in Dodging
 15669 | D:11     | Found a staircase to the Orcish Mines.
 16573 | Lair:2   | Noticed a five-headed hydra
 16582 | Lair:2   | Killed a one-headed hydra
 16582 | Lair:2   | Reached skill level 10 in Fighting
 17104 | Lair:2   | Reached XP level 13. HP: 88/90 MP: 21/21
 18198 | Lair:3   | Received a gift from Okawaru
 18382 | Lair:3   | Found a staircase to the Snake Pit.
 18613 | Lair:3   | Found a staircase to the Swamp.
 19073 | Lair:4   | Reached skill level 5 in Armour
 19671 | Lair:4   | Found a sacrificial altar of Ru.
 20167 | Lair:5   | Found a dark tunnel.
 20189 | Volcano  | Entered a volcano
 20640 | Volcano  | Found a burning altar of Makhleb.
 20678 | Volcano  | Noticed a stone giant
 20691 | Volcano  | Killed a stone giant
 20706 | Volcano  | Gained mutation: You can fly continuously. [Tengu growth]
 20706 | Volcano  | Reached XP level 14. HP: 65/100 MP: 23/23
 21770 | Lair:5   | Identified Cof Guho's Volume of Unholy Secrets
 21885 | Lair:5   | Noticed Josephine
 22111 | Lair:1   | Received a gift from Okawaru
 22336 | Lair:1   | Killed Sonja
 23292 | Lair:5   | Found a staircase to the Slime Pits.
 23413 | Lair:5   | Learned a level 7 spell: Orb of Destruction
 23513 | Lair:5   | Reached skill level 15 in Long Blades
 23730 | D:11     | Reached skill level 1 in Conjurations
 23925 | Orc:1    | Entered Level 1 of the Orcish Mines
 24230 | Orc:1    | Noticed an orc warlord
 24262 | Orc:1    | Killed an orc warlord
 24928 | Orc:2    | Entered Level 2 of the Orcish Mines
 25029 | Orc:1    | Found Noal's Antique Armour Emporium.
 25218 | Orc:2    | Found a staircase to the Elven Halls.
 25249 | Orc:2    | Found Xymegint's Distillery.
 25344 | Orc:2    | Found a roughly hewn altar of Beogh.
 25422 | Orc:2    | Found a roughly hewn altar of Beogh.
 25496 | Orc:2    | Found a roughly hewn altar of Beogh.
 25499 | Orc:2    | Found Teinifud's Magic Scroll Shop.
 25505 | Orc:2    | Reached skill level 5 in Conjurations
 25526 | Orc:2    | Reached XP level 15. HP: 67/106 MP: 24/24
 25845 | Orc:2    | Found a roughly hewn altar of Beogh.
 25915 | Orc:2    | Found a roughly hewn altar of Beogh.
 25989 | Orc:2    | Found a roughly hewn altar of Beogh.
 25995 | Orc:2    | Found Pelor's Weapon Shoppe.
 26430 | Orc:2    | Noticed an orc warlord
 26775 | Orc:2    | Killed an orc warlord
 27051 | Orc:2    | Found a roughly hewn altar of Beogh.
 27051 | Orc:2    | Found Vonaom's Antique Weapon Shoppe.
 27052 | Orc:2    | Found Tyobooje's Antique Armour Emporium.
 27107 | Orc:2    | Noticed an orc warlord
 27125 | Orc:2    | Killed an orc warlord
 27342 | Lair:6   | Entered Level 6 of the Lair of Beasts
 27752 | Lair:6   | Noticed Mulkerokala's ghost (journeyman HuHu)
 27781 | Lair:6   | Killed Mulkerokala's ghost
 27831 | Lair:6   | Received a gift from Okawaru
 27831 | Lair:6   | Reached skill level 11 in Invocations
 28754 | Lair:6   | Received a gift from Okawaru
 28754 | Lair:6   | Reached skill level 5 in Shields
 28839 | Lair:6   | Learned a level 2 spell: Shroud of Golubria
 28932 | Lair:6   | Reached skill level 1 in Spellcasting
 29892 | Lair:6   | Reached skill level 12 in Invocations
 29892 | Lair:6   | Reached XP level 16. HP: 60/114 MP: 26/26
 29901 | Lair:6   | Reached skill level 1 in Charms
 30391 | Lair:5   | Killed Josephine
 30594 | D:12     | Noticed Erolcha
 30614 | D:12     | Paralysed by Erolcha for 6 turns
 30625 | D:12     | Killed Erolcha
 30887 | D:12     | Found a burning altar of Makhleb.
 31471 | D:13     | Received a gift from Okawaru
 31666 | D:13     | Learned a level 3 spell: Spectral Weapon
 31669 | D:13     | Learned a level 2 spell: Song of Slaying
 31960 | D:13     | Found a gate to the Vaults.
 32826 | D:13     | Reached skill level 13 in Invocations
 32926 | D:14     | Reached skill level 5 in Charms
 33319 | D:14     | Received a gift from Okawaru
 33870 | D:15     | Entered Level 15 of the Dungeon
 34085 | D:15     | Found Dobuyqoj's Jewellery Shop.
 34095 | D:15     | Bought the ring of Qoesin {MR+ Str+4 Int+6} for 835 gold pieces
 34631 | D:15     | Reached XP level 17. HP: 113/119 MP: 28/28
 35402 | D:15     | Found a staircase to the Depths.
 35644 | Swamp:1  | Entered Level 1 of the Swamp
 36536 | Swamp:1  | Received a gift from Okawaru
 36992 | Swamp:2  | Reached skill level 14 in Invocations
 37055 | Swamp:2  | Found a frozen archway.
 37060 | IceCv    | Entered an ice cave
 37498 | IceCv    | Noticed an Ice Fiend
 38418 | IceCv    | Killed an Ice Fiend
 38592 | IceCv    | Identified Sif Muna's Reference Book on Ghastly Clay
 38595 | IceCv    | Got a heavily runed hat
 38762 | Swamp:2  | Identified the +0 hat of Paipliec {rElec} (You found it in an ice cave)
 38834 | Swamp:2  | Noticed Frances
 38851 | Swamp:2  | Killed Frances
 38851 | Swamp:2  | Received a gift from Okawaru
 40715 | Swamp:4  | Entered Level 4 of the Swamp
 41650 | Swamp:4  | Reached XP level 18. HP: 127/127 MP: 29/29
 42168 | Swamp:4  | Noticed the 27-headed Lernaean hydra
 42191 | Swamp:4  | Killed the 21-headed Lernaean hydra
 42673 | Swamp:4  | Got a decaying rune of Zot
 42970 | Lair:3   | Received a gift from Okawaru
 43451 | Snake:1  | Entered Level 1 of the Snake Pit
 43791 | Snake:1  | Reached skill level 15 in Invocations
 45110 | Snake:2  | Reached skill level 15 in Fighting
 45236 | Snake:2  | Received a gift from Okawaru
 45462 | Snake:2  | Reached XP level 19. HP: 134/136 MP: 31/31
 46702 | Snake:4  | Entered Level 4 of the Snake Pit
 46759 | Snake:4  | Noticed lolicon's ghost (adept BaIE)
 46894 | Snake:4  | Killed lolicon's ghost
 47071 | Snake:4  | Noticed Toogi's ghost (adept DsBe)
 47109 | Snake:4  | Killed Toogi's ghost
 47290 | Snake:4  | Reached skill level 15 in Dodging
 47552 | Snake:4  | Reached skill level 16 in Invocations
 48025 | Snake:3  | Received a gift from Okawaru
 48317 | Vaults:1 | Entered Level 1 of the Vaults
 48458 | Vaults:1 | Found a magical portal.
 48471 | WizLab   | Entered Doroklohe's Tomb
 48658 | WizLab   | Noticed a greater mummy
 48696 | WizLab   | Killed a greater mummy
 49339 | D:13     | Reached XP level 20. HP: 91/145 MP: 33/33
 50580 | Vaults:2 | Received a gift from Okawaru
 50684 | Vaults:2 | Found Vacesm's Assorted Antiques.
 50708 | Vaults:2 | Bought 2 scrolls of enchant weapon for 345 gold pieces
 50708 | Vaults:2 | Bought a scroll of enchant weapon for 172 gold pieces
 50708 | Vaults:2 | Bought a potion of heal wounds for 115 gold pieces
 51796 | Vaults:2 | Found a staircase to the Crypt.
 51903 | Vaults:3 | Reached skill level 17 in Invocations
 52558 | Vaults:3 | Received a gift from Okawaru
 52945 | Vaults:3 | Reached XP level 21. HP: 147/154 MP: 34/34
 54154 | Vaults:4 | Received a gift from Okawaru
 55890 | Snake:4  | Reached skill level 18 in Invocations
 56300 | Snake:4  | Got a serpentine rune of Zot
 56424 | Lair:3   | Reached XP level 22. HP: 154/162 MP: 36/36
 56683 | Depths:1 | Entered Level 1 of the Depths
 56732 | Depths:1 | Received a gift from Okawaru
 57192 | D:15     | HP: 6/162 [shadow dragon/bolt of negative energy (43)]
 57540 | Orc:2    | Bought a potion of berserk rage for 80 gold pieces
 57540 | Orc:2    | Bought a potion of might for 64 gold pieces
 57540 | Orc:2    | Bought a potion of haste for 160 gold pieces
 57540 | Orc:2    | Bought a potion of might for 64 gold pieces
 57540 | Orc:2    | Bought a potion of curing for 48 gold pieces
 57540 | Orc:2    | Bought a potion of curing for 48 gold pieces
 57540 | Orc:2    | Bought a potion of haste for 160 gold pieces
 57633 | Orc:2    | Bought a scroll of teleportation for 51 gold pieces
 57633 | Orc:2    | Bought a scroll of teleportation for 51 gold pieces
 57898 | D:5      | Bought a potion of haste for 140 gold pieces
 57898 | D:5      | Bought a potion of haste for 140 gold pieces
 57898 | D:5      | Bought a potion of curing for 42 gold pieces
 57898 | D:5      | Bought a potion of haste for 140 gold pieces
 57898 | D:5      | Bought a potion of curing for 42 gold pieces
 58530 | Elf:1    | Entered Level 1 of the Elven Halls
 58905 | Elf:1    | Identified Sif Muna's Compendium of Slavery
 59239 | Elf:1    | Found Yskal's Assorted Antiques.
 59248 | Elf:1    | Bought a glass ring for 95 gold pieces
 59248 | Elf:1    | Bought a scroll of teleportation for 57 gold pieces
 59377 | Elf:1    | Noticed Louise
 59405 | Elf:1    | Killed Louise
 59405 | Elf:1    | Received a gift from Okawaru
 59809 | Elf:2    | Found a runed gate.
 59809 | Elf:2    | Found a runed gate.
 59810 | Elf:2    | Found a runed gate.
 59847 | Elf:2    | Found Xyaroibb's Antique Armour Shop.
 59871 | Elf:2    | Bought an ancient buckler for 266 gold pieces
 59871 | Elf:2    | Identified the +0 buckler "Vareg" {*Slow +Fly Regen+ Str+9} (You bought it in a shop on level 2 of the Elven Halls)
 60657 | Elf:3    | Entered Level 3 of the Elven Halls
 60779 | Elf:3    | Found Aquoshroff's Antique Weapon Boutique.
 61247 | Elf:3    | Reached XP level 23. HP: 170/170 MP: 37/37
 61293 | Elf:3    | Reached skill level 19 in Invocations
 61709 | Elf:3    | Received a gift from Okawaru
 62787 | Elf:3    | Got a twitching ivory ring
 62827 | Elf:3    | Got a slimy pewter ring
 62962 | Elf:3    | Reached skill level 10 in Conjurations
 62979 | Elf:3    | Identified Wizife's Handbook of Dusty Blows and Bruises
 63004 | Elf:3    | Got a scorched granite ring
 63009 | Elf:3    | Got a crude bronze ring
 63022 | Elf:3    | Identified the ring of the Ninety-Nine Places {rPois MP+9 Str+2} (You took it off a deep elf master archer on level 3 of the Elven Halls)
 63023 | Elf:3    | Identified the ring of Finality {Fire rN+} (You took it off a deep elf mage on level 3 of the Elven Halls)
 63025 | Elf:3    | Identified the ring "Imios" {*Tele rElec} (You found it on level 3 of the Elven Halls)
 63027 | Elf:3    | Identified the ring "Xerphusua" {Fire rN+ Int+5 Stlth-} (You found it on level 3 of the Elven Halls)
 63730 | Depths:1 | Found Xanorch's General Store.
 63734 | Depths:1 | Found Nofeb's Food Shoppe.
 63738 | Depths:1 | Bought a scroll of enchant armour for 90 gold pieces
 63854 | Depths:1 | Received a gift from Okawaru
 64224 | Depths:1 | Found a gateway to Hell.
 64343 | Depths:1 | Reached XP level 24. HP: 179/179 MP: 31/37
 64414 | Depths:1 | Identified Yhoplag's Papyrus of Dark Magic
 64506 | Depths:1 | Found a one-way gate leading to the halls of Pandemonium.
 64986 | D:6      | Fell from the grace of Okawaru
 64986 | D:6      | Became a worshipper of the Shining One
 65571 | Crypt:1  | Entered Level 1 of the Crypt
 65707 | Crypt:1  | Reached * piety under the Shining One
 65895 | Crypt:1  | Reached ** piety under the Shining One
 66347 | Crypt:1  | Reached *** piety under the Shining One
 66363 | Crypt:1  | Reached skill level 10 in Shields
 66363 | Crypt:1  | Reached XP level 25. HP: 185/185 MP: 37/37
 66631 | Crypt:1  | Reached **** piety under the Shining One
 66837 | Crypt:2  | Noticed Khufu
 66837 | Crypt:2  | Noticed a greater mummy
 66837 | Crypt:2  | Noticed a greater mummy
 66942 | Crypt:2  | Reached ***** piety under the Shining One
 66947 | Crypt:2  | Noticed Mara
 66959 | Crypt:2  | Killed Mara
 66964 | Crypt:2  | Noticed Margery
 67314 | Crypt:1  | Killed a greater mummy
 67631 | Crypt:2  | Killed a greater mummy
 67631 | Crypt:2  | Reached skill level 20 in Invocations
 68379 | Depths:2 | HP: 7/182 [titan[the fury of Okawaru] (24)]
 70411 | Depths:3 | Noticed a juggernaut
 70438 | Depths:3 | Killed a juggernaut
 70615 | Depths:3 | Reached XP level 26. HP: 190/191 MP: 38/38
 70708 | Depths:4 | Found a gateway to a ziggurat.
 70755 | Depths:4 | Reached skill level 10 in Armour
 70846 | Depths:4 | Noticed Sojobo
 70887 | Depths:4 | Killed Sojobo
 71183 | Depths:3 | HP: 7/191 [fire giant/great sword of flaming (4)]
 71316 | Depths:3 | Noticed an ancient lich
 71338 | Depths:3 | Killed an ancient lich
 72443 | Depths:4 | Found a one-way gate to the infinite horrors of the Abyss.
 72529 | Depths:4 | Voluntarily entered the Abyss.
 72808 | Abyss:1  | Reached ****** piety under the Shining One
 72922 | Abyss:1  | Found a corrupted altar of Lugonu.
 72952 | Abyss:1  | Identified a +9 eudemon blade of holy wrath (a +7 demon blade of electrocution blessed by the Shining One)
 72952 | Abyss:1  | Received a gift from the Shining One
 73028 | Abyss:1  | Found a corrupted altar of Lugonu.
 73149 | Abyss:1  | Lost mutation: You are robust. (+10% HP) [a neqoxec]
 73322 | Abyss:1  | Reached skill level 21 in Invocations
 73527 | Abyss:1  | Lost mutation: You are resistant to electric shocks. (rElec) [potion of mutation]
 73527 | Abyss:1  | Gained mutation: Scrolls take you a little longer to read. [potion of mutation]
 73527 | Abyss:1  | Gained mutation: You are mostly covered in iridescent scales. (AC +4) [potion of mutation]
 73527 | Abyss:1  | Gained mutation: Your muscles are strong. (Str +2) [potion of mutation]
 73527 | Abyss:1  | Gained mutation: You passively map a small area around you. [potion of mutation]
 73529 | Abyss:1  | Lost mutation: Potions are less effective at restoring your health. [potion of mutation]
 73529 | Abyss:1  | Lost mutation: You are mostly covered in iridescent scales. (AC +4) [potion of mutation]
 73529 | Abyss:1  | Lost mutation: Scrolls take you a little longer to read. [potion of mutation]
 73529 | Abyss:1  | Lost mutation: Your muscles are strong. (Str +2) [potion of mutation]
 73529 | Abyss:1  | Gained mutation: You tend to lose your temper in combat. [potion of mutation]
 73529 | Abyss:1  | Gained mutation: Your body sometimes deteriorates upon taking damage. [potion of mutation]
 73529 | Abyss:1  | Gained mutation: You are agile. (Dex +2) [potion of mutation]
 73535 | Abyss:1  | Lost mutation: You are agile. (Dex +2) [potion of mutation]
 73535 | Abyss:1  | Lost mutation: Your body sometimes deteriorates upon taking damage. [potion of mutation]
 73535 | Abyss:1  | Lost mutation: You passively map a small area around you. [potion of mutation]
 73535 | Abyss:1  | Lost mutation: You tend to lose your temper in combat. [potion of mutation]
 73535 | Abyss:1  | Lost mutation: You are partially covered in iridescent scales. (AC +2) [potion of mutation]
 73535 | Abyss:1  | Gained mutation: Your mind is acute. (Int +2) [potion of mutation]
 73535 | Abyss:1  | Gained mutation: You have a pair of small antennae on your head. [potion of mutation]
 73535 | Abyss:1  | Gained mutation: You are robust. (+10% HP) [potion of mutation]
 73740 | Abyss:1  | Paralysed by accursed screaming for 1 turns
 74280 | Abyss:1  | Gained mutation: You expend magic power (3 MP) to strengthen your wands. [a neqoxec]
 74281 | Abyss:1  | Lost mutation: You are robust. (+10% HP) [a neqoxec]
 74282 | Abyss:1  | Found a corrupted altar of Lugonu.
 74304 | Abyss:1  | Reached XP level 27. HP: 161/182 MP: 38/38
 74563 | Abyss:2  | Was forgiven by Okawaru
 74925 | Abyss:3  | Got an abyssal rune of Zot
 75051 | Depths:4 | Escaped the Abyss
 76004 | Depths:3 | Found Puoc's Jewellery Boutique.
 76012 | Depths:3 | Bought a cursed +4 amulet of reflection for 264 gold pieces
 76444 | Depths:3 | Reached skill level 15 in Shields
 77048 | Depths:3 | Paralysed by a floating eye for 2 turns
 78138 | Depths:2 | Noticed Jory
 78152 | Depths:2 | Killed Jory
 78326 | Depths:2 | Got a crude iron ring
 78525 | Depths:2 | Upgraded the game from 0.20-a0-936-gaf809b6 to 0.20-a0-940-g1ecfa5a
 78851 | Depths:2 | Identified the ring of Udydu {Str+2 SInv} (You took it off a vampire knight on level 2 of the Depths)
 78896 | Depths:2 | Got a sparkling jade ring
 78938 | Depths:2 | Identified the ring of Dishonesty {Wiz rC+ Str-2 Stlth+} (You found it on level 2 of the Depths)
 79995 | Crypt:1  | Reached skill level 15 in Armour
 80027 | Crypt:2  | Killed Margery
 80034 | Crypt:2  | Reached skill level 22 in Invocations
 80573 | Crypt:2  | Killed Khufu
 80729 | Crypt:2  | Learned a level 8 spell: Controlled Blink
 80739 | Crypt:3  | Entered Level 3 of the Crypt
 80759 | Crypt:3  | Reached skill level 1 in Translocations
 80893 | Crypt:3  | Noticed an ancient lich
 80900 | Crypt:3  | Killed an ancient lich
 81378 | Vaults:5 | Entered Level 5 of the Vaults
 81471 | Vaults:4 | Reached skill level 5 in Translocations
 81897 | Vaults:5 | Noticed Bai Suzhen
 81899 | Vaults:5 | Noticed an ancient lich
 81904 | Vaults:5 | The Shining One protects you from harm!
 81904 | Vaults:5 | HP: 9/184 [ogre mage/halberd (2)]
 81905 | Vaults:5 | Killed from afar by a lich

Vault maps used:
D:1:      sevenhm_arrival_forest_fort_large_3
D:2:      cheibrodos_greedy_goblins, uniq_sigmund, uniq_robin
D:3:      lemuel_doored_altar, tgw_fedhas
D:4:      cheibrodos_ashenzari_chains, first_bread, minmay_misc_feat_doors,
          minivault_11, uniq_menkaure
D:5:      marbit_many_paths, serial_shops,
          nicolae_shop_temple_entry_statues_fountains, shop, shop_statue, shop,
          nicolae_shop_overgrown_old_shop, nicolae_gozag_seed_capital
D:6:      zin_statuary, tso_altar, minmay_temple_entry_poolview
D:7:      slow_altar_1, serial_shops, shop_coins, grunt_livestock, sigmund_army
D:8:      kennysheep_vampire_church, lemuel_round_altar, erik_lair_dragon,
          uniq_maurice, uniq_pikel, uniq_psyche
D:9:      gammafunk_temple_overflow_pools, minivault_10
D:11:     orc_0_dummy, uniq_erica
D:12:     bloody_makhleb, uniq_erolcha
D:13:     minmay_roctagon, grunt_vaults_entry_fortified
D:14:     minmay_holes, kennysheep_generic_room_14
D:15:     grunt_enter_depths_magical_seal, minivault_24, serial_shops, shop,
          minmay_strange_pillars, hangedman_cracks_in_the_wall
Temple:   minmay_temple_curvy_loop
Lair:1:   serial_bayou_shore_a, uniq_sonja
Lair:3:   minmay_swamp_entry_worms, guppyfry_snake_entry_island,
          hibernation_bobbens
Lair:4:   basic_altar, grunt_megastairs_3
Lair:5:   regret_index_combs_of_tragedy, minmay_slime_entry_jelly_boxes,
          nicolae_volcano_entry_batcave, uniq_josephine
Lair:6:   minmay_lair_end_enchanted_forest, grunt_megastairs_1
Swamp:1:  infiniplex_staircase_pool
Swamp:2:  portal_ice_cave_entry_pillars_three, nicolae_swamp_fairy_circle,
          swamp_pool4, uniq_frances
Swamp:3:  evilmike_swamp_ruin_rubble_2
Swamp:4:  swamp_old_school
Snake:4:  minmay_snake_end_coiled, hangedman_snake_corridor_split
Orc:1:    serial_shops, nicolae_shop_trees, nicolae_orc_damp_corner
Orc:2:    grunt_orc_community_town_hall, grunt_orc_community_big_house_1,
          grunt_orc_community_big_house_2, grunt_orc_community_house_2,
          grunt_orc_community_house_2, grunt_orc_community_house_1,
          grunt_orc_community_house_1, serial_shops, shop_statue, basic_altar
Elf:1:    serial_shops, shop, minmay_elf_demonology, uniq_louise
Elf:2:    serial_shops, nicolae_shop_waterfront, serial_sigils_hangedman_snap
Elf:3:    minmay_elf_hall_circle, serial_shops, shop, special_room
Vaults:1: hangedman_vaults_stitches, vaults_room_corners,
          nicolae_vaults_hallways_thing, hangedman_vaults_cutoff,
          nicolae_vaults_theta, v_rooms_4, vaults_dpeg_ring, v_rooms_2,
          hangedman_vaults_pinch, v_misc_23, hangedman_vaults_corner_blocks,
          infiniplex_enter_wizlab_glasses
Vaults:2: minmay_crypt_entry_simple_walls, ontoclasm_vaults_gateway,
          nicolae_vaults_little_squares_3, v_misc_26, nicolae_vaults_network_s,
          nicolae_vaults_little_squares_6, nicolae_vaults_big_ls,
          hangedman_vaults_river_flow, v_pattern_4, v_alt_pattern_6,
          ontoclasm_vaults_loading_screen, nicolae_vaults_little_squares_6,
          v_misc_13, serial_shops, nicolae_shop_temple_entry_statues_fountains
Vaults:3: nicolae_vaults_diagonal_hallway_8, nicolae_vaults_network_periphery,
          v_misc_25, nicolae_vaults_network_barrier, v_misc_22,
          vaults_room_large_hall, nicolae_vaults_what_the_h, v_misc_9,
          ontoclasm_vaults_fault
Vaults:4: v_misc_2, v_misc_11, nicolae_vaults_theta, vaults_room_large_hall,
          hangedman_vaults_variations, vaults_mumra_lcd, v_alt_pattern_1,
          serial_ice_m
Vaults:5: uniq_bai_suzhen
Crypt:1:  minicrypt_bobbens
Crypt:2:  uniq_margery, uniq_khufu, uniq_mara
Crypt:3:  david_glass_crypt, nicolae_tomb_entry_rubble_hallway
Depths:1: grunt_pan_entry_zigzag, dk_noncrumbling_4, pf_hell_entry_tar_spiral,
          minmay_acid_items, minmay_shop_star, serial_bayou_shore_b
Depths:2: due_jory_tower, hell_entry, minmay_hedge_maze, minmay_protected_statue
Depths:3: hangedman_grunt_twisty_little_passages, pf_coc_iceberg, serial_shops,
          nicolae_shop_temple_entry_statues_fountains, grunt_pan_entry_sceptre,
          kennysheep_generic_room_6
Depths:4: kennysheep_blocky_hall, enter_ziggurat_e, grunt_decor_resistance,
          minmay_room_of_horrors, hell_entry, kennysheep_generic_room_16,
          uniq_sojobo
Abyss:3:  grunt_abyss_rune_forest_and_sorcery
IceCv:    ice_cave_caverns_03
Volcano:  volcano_lake
WizLab:   wizlab_doroklohe

Skill      XL: |  1  2  3  4  5  6  7  8  9 10 11 12 13 14 15 16 17 18 19 20 21 22 23 24 25 26 27 |
---------------+----------------------------------------------------------------------------------+-----
Long Blades    | 3 5 6 7 8 10 11 13 15 | 15.0
Dodging        | 1 2 3 4 5 7 8 11 12 14 15 17 18 19 20 | 20.0
Fighting       | 4 5 6 7 10 11 12 13 15 16 17 18 19 20 21 | 21.7
Invocations    | 4 6 9 10 12 13 14 15 16 17 18 19 20 21 22 | 22.0
Armour         | 6 9 13 15 | 15.3
Conjurations   | 5 8 10 11 13 | 13.0
Shields        | 5 6 7 8 10 12 14 15 | 15.9
Spellcasting   | 3 |  3.7
Charms         | 6 8 |  8.7
Translocations | 5 |  5.9

Action                   |  1- 3 |  4- 6 |  7- 9 | 10-12 | 13-15 | 16-18 | 19-21 | 22-24 | 25-27 || total
-------------------------+-------+-------+-------+-------+-------+-------+-------+-------+-------++-------
Melee: Long sword        |    84 |   138 |   463 |   699 |       |       |       |       |       ||  1384
       Peck              |    12 |    21 |   118 |   203 |   574 |   728 |   819 |   639 |  1535 ||  4649
       Kick              |    28 |    41 |   162 |   308 |   798 |  1091 |  1266 |   939 |  2302 ||  6935
       Punch             |       |       |       |    11 |    17 |       |       |       |       ||    28
       Scimitar          |       |       |       |   122 |  1730 |   476 |     4 |   261 |  1645 ||  4238
       Demon blade       |       |       |       |       |       |  1530 |  2012 |  1258 |       ||  4800
       Eudemon blade     |       |       |       |       |       |       |       |       |  1603 ||  1603
Throw: Javelin           |       |       |     7 |     2 |       |       |       |       |       ||     9
       Tomahawk          |       |       |     1 |    13 |       |       |       |       |       ||    14
       Throwing net      |       |       |     1 |       |       |       |       |       |       ||     1
 Cast: Spectral Weapon   |       |       |       |       |       |    10 |    17 |     1 |     2 ||    30
       Shroud of Golubri |       |       |       |       |       |     3 |     7 |       |     3 ||    13
       Song of Slaying   |       |       |       |       |       |       |     1 |     2 |     2 ||     5
Invok: Heroism           |       |       |       |    14 |    18 |     6 |    10 |    10 |       ||    58
       Finesse           |       |       |       |     9 |    11 |     4 |     5 |     8 |       ||    37
       Cleansing Flame   |       |       |       |       |       |       |       |       |    13 ||    13
       Divine Shield     |       |       |       |       |       |       |       |       |    20 ||    20
       Summon Divine War |       |       |       |       |       |       |       |       |    17 ||    17
       Brand Weapon With |       |       |       |       |       |       |       |       |     1 ||     1
 Abil: Fly               |       |       |    18 |    46 |    16 |       |       |       |       ||    80
Evoke: Wand              |       |       |       |       |     2 |       |    13 |       |     6 ||    21
  Use: Potion            |       |     4 |     5 |    13 |     8 |     7 |     1 |     4 |    14 ||    56
       Scroll            |       |     6 |     6 |    23 |     5 |    16 |    13 |    10 |    15 ||    94
 Stab: Invisible         |       |       |       |     2 |       |       |       |       |       ||     2
       Distracted        |       |       |       |       |       |     2 |     1 |     2 |       ||     5
       Confused          |       |       |       |       |       |     2 |       |       |       ||     2
  Eat: Chunk             |     1 |     6 |    23 |    15 |    40 |    32 |    29 |    28 |    32 ||   206
       Meat ration       |       |       |       |     2 |       |     1 |       |       |     1 ||     4
       Bread ration      |       |       |       |     2 |       |     1 |     1 |       |     3 ||     7
       Royal jelly       |       |       |       |     1 |     1 |       |       |     1 |       ||     3
       Fruit             |       |       |       |       |     1 |    10 |     4 |     3 |    11 ||    29
Armor: Scale mail        |    41 |    51 |   155 |   191 |   266 |   222 |       |       |       ||   926
       Skin              |       |       |    21 |       |       |       |       |       |       ||    21
       Swamp dragon scal |       |       |       |       |       |   110 |    89 |       |       ||   199
       Acid dragon scale |       |       |       |       |       |       |    66 |   150 |   293 ||   509
Dodge: Dodged            |    46 |    69 |   298 |   665 |  1383 |  1550 |  1508 |  1201 |  2378 ||  9098
Block: Buckler           |       |       |       |       |    46 |   577 |   469 |   383 |  1058 ||  2533
       Shield            |       |       |       |       |       |       |       |       |   495 ||   495
       Reflection        |       |       |       |       |       |       |       |       |    49 ||    49
       Rpst.: Long sword |    13 |    30 |    95 |   139 |       |       |       |       |       ||   277
       Scimitar          |       |       |       |    13 |   365 |    91 |       |    39 |   221 ||   729
       Demon blade       |       |       |       |       |       |   187 |   308 |   190 |       ||   685
       Eudemon blade     |       |       |       |       |       |       |       |       |   208 ||   208
